 Dungeon Crawl Stone Soup version 0.21.1-1-g345015f (webtiles) character file.

89 Lilu the Grave Robber (level 4, -4/30 HPs)
             Began as a Mummy Necromancer on July 28, 2018.
             Slain by Sigmund
             ... wielding a +0 scythe of venom
              (12 damage)
             ... on level 2 of the Dungeon.
             The game lasted 00:10:07 (1923 turns).

Lilu the Grave Robber (Mummy Necromancer)           Turns: 1923, Time: 00:10:08

Health: -4/30      AC:  2    Str: 11    XL:     4   Next: 31%
Magic:  9/10       EV: 12    Int: 19    God:
Gold:   120        SH:  0    Dex: 12    Spells: 6/11 levels left

rFire    . . .     SeeInvis .   f - +0 short sword
rCold    + . .     Gourm    .   (no shield)
rNeg     + + +     Faith    .   a - +0 robe
rPois    ∞         Spirit   .   (no helmet)
rElec    .         Reflect  .   (no cloak)
rCorr    .         Harm     .   (no gloves)
MR       .....                  (no boots)
Stlth    ++........             (no amulet)
HPRegen  0.10/turn              g - ring of protection from fire
MPRegen  0.12/turn              h - +4 ring of intelligence

@: no status effects
A: no food or potions, fire vulnerability, cold resistance 1, negative energy
resistance 3, torment resistance, unbreathing
a: no special abilities


You were on level 2 of the Dungeon.
You were not hungry.

You visited 1 branch of the dungeon, and saw 2 of its levels.

You collected 120 gold pieces.

Inventory:

Hand Weapons
 f - a +0 short sword (weapon)
Armour
 a - a +0 robe (worn)
Jewellery
 g - a ring of protection from fire (left hand)
 h - a +4 ring of intelligence (right hand)
Scrolls
 c - 2 scrolls of teleportation {unknown}
 d - a scroll of enchant armour {unknown}
 e - 2 scrolls of identify {unknown}
Books
 b - a book of Necromancy

   Spells                             Type                      Level
   a - Pain                           Necromancy                   1
   b - Animate Skeleton               Necromancy                   1
   c - Vampiric Draining              Necromancy                   3
   d - Regeneration                   Charms/Necromancy            3
   e - Animate Dead                   Necromancy                   4
   f - Borgnjor's Vile Clutch         Necromancy/Earth             5


   Skills:
 - Level 1.5 Dodging
 - Level 1.5 Stealth
 + Level 4.4 Spellcasting
 + Level 5.0 Necromancy


You had 6 spell levels left.
You knew the following spells:

 Your Spells              Type           Power        Failure   Level  Hunger
a - Pain                  Necr           ###.         1%          1    N/A
b - Animate Skeleton      Necr           N/A          1%          1    N/A
c - Vampiric Draining     Necr           ###.......   4%          3    N/A

Dungeon Overview and Level Annotations

Branches:
Dungeon (2/15)

Altars:
Cheibriados

Annotations:
D:2 Sigmund


Innate Abilities, Weirdness & Mutations

You do not eat or drink.
Your flesh is vulnerable to fire.
You are immune to poison.
Your flesh is cold resistant. (rC+)
You are immune to negative energy. (rN+++)
You are immune to unholy pain and torment.
You can survive without breathing.


Message History

Something tries to affect you, but you resist.
A goblin comes into view.
The goblin shouts!
You hit the goblin.
The goblin is moderately wounded.
The goblin hits you.
You miss the goblin.
The goblin is moderately wounded.
Something hits you. The goblin barely misses you.
You hit the goblin.
You kill the goblin!
Something hits you!
* * * LOW HITPOINT WARNING * * *
You see here a goblin corpse.
Casting: Pain
Confirm with . or Enter, or press ? or * to list all spells.
You attempt to give life to the dead...
Before your eyes, flesh is ripped from the corpse!
The dead are walking!
Something hits you!
You die...

..[.#.# #.#######.#
###.#.# #.# ##.# # #.#.#
#.# ##.># [ #.#.# #@#
#...# ###.#.############.#
##..# # #.#.....†.....##.#
##.#
#.#.#########.##.#######.#
#....# #{##.........#
#............#@##.##.#####
##...####...###.Z....#
##.## #.## #.####### #.# #
#.# #.# #. ..# # ..


You could see a friendly goblin skeleton.

Vanquished Creatures
  5 adders (D:2)
  2 dart slugs
  A leopard gecko (D:2)
  2 bats
  2 giant cockroaches
  5 goblins
  2 hobgoblins (D:2)
  5 frilled lizards
  5 kobolds
  5 rats
34 creatures vanquished.

Vanquished Creatures (collateral kills)
  An adder (D:2)
  A giant cockroach (D:2)
  A goblin (D:1)
  2 bats (D:2)
  A frilled lizard (D:2)
  A rat (D:1)
7 creatures vanquished.

Grand Total: 41 creatures vanquished

Notes
Turn   | Place    | Note
-------+----------+-------------------------------------------
     0 | D:1      | Lilu the Mummy Necromancer began the quest for the Orb.
     0 | D:1      | Reached XP level 1. HP: 13/13 MP: 4/4
     2 | D:1      | Learned a level 1 spell: Animate Skeleton
   544 | D:1      | Reached XP level 2. HP: 15/19 MP: 3/6
  1227 | D:2      | Noticed Sigmund
  1274 | D:2      | Found a snail-covered altar of Cheibriados.
  1301 | D:2      | Reached XP level 3. HP: 7/24 MP: 4/8
  1485 | D:2      | Learned a level 3 spell: Vampiric Draining
  1606 | D:2      | Reached XP level 4. HP: 18/30 MP: 8/10
  1816 | D:2      | Reached skill level 5 in Necromancy
  1923 | D:2      | Slain by Sigmund

Skill      XL: |  1  2  3  4 |
---------------+-------------+-----
Spellcasting   | 3 4 |  4.4
Necromancy     | 5 |  5.0
Dodging        | |  1.5
Stealth        | |  1.5

Action                   |  1- 3 |  4- 6 || total
-------------------------+-------+-------++-------
Melee: Unarmed           |    17 |       ||    17
       Short sword       |     8 |     5 ||    13
 Cast: Pain              |    36 |    14 ||    50
       Animate Skeleton  |    13 |     1 ||    14
 Stab: Sleeping          |     1 |       ||     1
Armor: Robe              |     5 |       ||     5
Dodge: Dodged            |    27 |     4 ||    31
